Map: Paisaje nocturno EE

Players

MrFercho - Winner!

  • Race: Zerg Zerg
  • League: Silver
  • Spawn Location: 7:00

TATORREA - Winner!

  • Race: Protoss Protoss
  • League: Gold
  • Spawn Location: 7:00

tuvieja

  • Race: Protoss Protoss
  • Spawn Location: 1:00

pingaloca

  • Race: Terran Terran
  • Spawn Location: 1:00

VOD

Have the link to the VOD?

Description

Time

  • Played on: July 17, 2020, 9:55 p.m.
  • Length: 9:24
Show
View Real Time Build Order
Export as new Build Order

MrFercho Zerg - Winner!

Build Orders: Hatch First 

Get SALT Encoding   

  12  0:01  Drone  
  13  0:13  Overlord  
  13  0:21  Drone  
  14  0:32  Drone x2  
  16  0:53  Drone  
  16  0:56  Hatchery, Drone  
  17  1:00  Drone  
  18  1:09  Extractor  
  17  1:18  Spawning Pool  
  16  1:20  Drone  
  16  1:22  Drone  
  18  1:29  Drone  
  19  1:42  Overlord  
  19  1:51  Drone  
  20  2:06  Queen  
  22  2:08  Queen  
  22  2:10  Drone x2  
  22  2:12  Drone  
  27  2:19  Drone  
  27  2:21  Metabolic Boost  
  29  2:22  Drone  
  29  2:32  Drone  
  29  2:36  Overlord  
  30  2:40  Drone  
  31  2:51  Drone  
  32  2:52  Drone  
  32  2:57  Evolution Chamber  
  32  3:01  Baneling Nest, Drone  
  32  3:03  Drone  
  33  3:10  Drone  
  35  3:12  Drone  
  35  3:22  Drone x5  
  35  3:26  Zergling x4  
  42  3:28  Hatchery  
  41  3:34  Overlord  
  41  3:35  Overlord  
  41  3:43  Queen  
  43  4:04  Overlord x2  
  43  4:07  Drone  
  43  4:08  Drone x5  
  49  4:12  Extractor  
  49  4:14  Extractor  
  47  4:17  Lair  
  47  4:19  Zerg Melee Weapons Level 1  
  47  4:24  Zergling x2  
  47  4:25  Zergling x8  
  49  5:07  Drone x8  
  56  5:23  Drone x5  
  56  5:27  Centrifical Hooks  
  61  5:33  Evolution Chamber  
  60  6:02  Drone x11  
  71  6:06  Extractor  
  71  6:09  Extractor  
  69  6:11  Zergling x2  
  69  6:12  Zergling x6  
  73  6:28  Extractor  
  73  6:30  Zerg Ground Armor Level 1, Zerg Melee Weapons Level 2  
  72  6:37  Infestation Pit  
  72  6:38  Hydralisk Den, Drone x2  
  72  6:39  Drone  
  73  6:43  Overlord x5  
  73  6:55  Hatchery  
  72  7:08  Grooved Spines, Spire  
  72  7:14  Hive  
  68  7:35  Spine Crawler  
  68  7:36  Zergling x14  
  68  7:37  Zergling x24, Spine Crawler  
  75  7:38  Spine Crawler  
  58  8:05  Drone  
  58  8:06  Drone x9  
  58  8:07  Queen  
  58  8:10  Baneling x11  
  58  8:11  Baneling  
  58  8:12  Zergling x10  
  64  8:34  Drone x7  
  64  8:37  Spore Crawler  
  64  8:39  Spine Crawler  
  68  8:44  Spine Crawler x2  
  68  8:48  Baneling x9  
  66  8:50  Baneling x2  
  66  8:51  Hydralisk x5  
  72  9:10  Hatchery  
  72  9:15  Lurker Den  
Show
View Real Time Build Order
Export as new Build Order

TATORREA Protoss - Winner!

Build Orders: Phoenix Opening 

Get SALT Encoding   

  12  0:01  Probe  
  13  0:13  Probe  
  14  0:25  Pylon, Probe  
  15  0:43  Probe  
  16  0:54  Gateway  
  16  0:55  Probe  
  17  1:01  Pylon  
  17  1:04  Probe  
  17  1:07  Assimilator  
  18  1:12  Probe  
  19  1:21  Probe  
  19  1:33  Assimilator, Probe  
  20  1:45  Nexus  
  20  1:55  Probe  
  20  1:58  Cybernetics Core  
  21  2:03  Probe  
  22  2:12  Probe  
  23  2:26  Pylon  
  23  2:27  Probe  
  24  2:34  Warp Gate  
  24  2:39  Probe  
  24  2:41  Stargate  
  24  2:44  Pylon  
  25  2:52  Stalker, Probe  
  28  2:58  Probe  
  28  3:04  Probe  
  30  3:10  Probe  
  31  3:16  Probe  
  32  3:22  Probe  
  32  3:25  Robotics Facility  
  33  3:28  Probe  
  33  3:30  Pylon  
  33  3:31  Phoenix  
  36  3:35  Probe  
  36  3:40  Probe  
  38  3:47  Probe  
  39  3:53  Probe  
  40  3:57  Gateway  
  40  3:58  Gateway  
  40  3:59  Phoenix  
  40  4:00  Probe  
  43  4:06  Probe  
  44  4:11  Assimilator  
  44  4:12  Probe  
  44  4:15  Assimilator  
  45  4:18  Probe  
  46  4:24  Probe  
  46  4:27  Twilight Council  
  46  4:30  Pylon, Probe  
  48  4:34  Phoenix  
  48  4:35  Pylon  
  48  4:37  Probe  
  51  5:10  Stalker x2  
  51  5:11  Stalker  
  57  5:16  Immortal  
  61  5:22  Probe x2  
  63  5:34  Void Ray  
  67  5:48  Templar Archives  
  67  6:16  Psionic Storm  
  67  6:20  Charge  
  67  6:23  Nexus  
  67  6:38  Sentry, Nexus  
  69  6:40  Pylon, Zealot x2  
  69  6:43  Pylon  
  73  6:56  Pylon  
  73  6:59  Pylon  
  73  7:03  Void Ray  
  77  7:16  Stalker x3  
  83  7:26  Gateway  
  83  7:28  Gateway  
  83  7:31  Forge  
  83  7:34  Stargate  
  83  7:36  Gateway  
  81  7:38  Gateway  
  81  7:42  Stalker x2  
  83  7:47  Gateway  
  83  7:49  Gateway  
  71  7:51  Gateway  
  71  7:54  Gateway  
  63  8:12  Probe x4  
  63  8:24  Probe x4, Zealot  
  63  8:25  Zealot x3  
  73  8:55  Zealot x3  
  73  8:56  Zealot x4  
  73  8:57  Zealot x2  
Show
View Real Time Build Order
Export as new Build Order

tuvieja Protoss 

Build Orders:  

Get SALT Encoding   

  1  0:00  Probe  
  12  0:06  Probe  
  14  0:18  Pylon  
  14  0:21  Probe  
  15  0:36  Probe  
  15  0:41  Gateway  
  16  0:48  Assimilator  
  16  0:50  Probe  
  17  1:02  Probe  
  18  1:14  Probe  
  19  1:22  Probe  
  19  1:31  Cybernetics Core  
  20  1:37  Probe  
  21  1:49  Probe  
  21  1:51  Nexus  
  21  1:52  Pylon  
  22  2:17  Warp Gate  
  22  2:19  Probe  
  23  2:23  Assimilator  
  23  2:27  Probe  
  23  2:35  Gateway, Probe  
  23  2:36  Gateway  
  24  2:40  Stalker  
  27  2:49  Pylon  
  27  2:53  Gateway  
  27  3:05  Robotics Facility  
  27  3:07  Probe  
  27  3:12  Pylon  
  28  3:13  Probe  
  28  3:19  Probe  
  30  3:21  Probe  
  31  3:31  Probe  
  32  3:42  Probe  
  32  3:43  Probe  
  34  3:54  Probe  
  35  3:56  Probe  
  35  4:01  Pylon, Observer  
  37  4:08  Probe  
  38  4:18  Probe  
  38  4:21  Stalker x2  
  38  4:22  Stalker  
  38  4:23  Nexus  
  45  4:26  Probe  
  46  4:33  Twilight Council  
  46  4:34  Probe  
  43  5:04  Stalker x2  
  45  5:19  Probe  
  45  5:25  Charge  
  45  5:27  Probe  
  45  5:28  Pylon  
  46  5:32  Gateway  
  46  5:34  Pylon  
  47  5:37  Probe  
  47  5:41  Gateway  
  48  5:44  Gateway  
  48  5:46  Warp Prism  
  50  5:52  Gateway, Probe  
  50  5:55  Gateway  
  51  6:01  Probe  
  51  6:02  Robotics Bay  
  51  6:06  Robotics Facility  
  51  6:10  Probe  
  52  6:11  Assimilator  
  52  6:15  Assimilator  
  53  6:19  Assimilator  
  53  6:21  Warp Prism  
  53  6:22  Probe  
  53  6:23  Assimilator  
  56  6:35  Pylon, Probe  
  56  6:39  Pylon  
  57  6:42  Pylon  
  57  6:47  Probe  
  58  6:55  Blink  
  58  6:59  Probe  
  59  7:05  Zealot x2  
  59  7:06  Zealot x4  
  59  7:07  Zealot x3  
  77  7:35  Zealot  
  77  7:37  Zealot x3  
  77  7:38  Zealot x3  
  77  7:39  Zealot x2  
  89  8:04  Zealot  
  89  8:05  Zealot x4  
  79  8:06  Zealot x3  
  79  8:11  Probe  
  85  8:19  Probe  
  69  8:28  Stalker x3  
  69  8:29  Stalker x2, Probe  
  69  8:30  Stalker  
  78  8:34  Stalker  
  80  8:41  Probe  
  75  8:49  Pylon  
  75  8:53  Pylon  
  79  9:08  Nexus  
Show
View Real Time Build Order
Export as new Build Order

pingaloca Terran 

Build Orders:  

Get SALT Encoding   

  12  0:02  SCV  
  13  0:22  Supply Depot  
  13  0:24  SCV  
  14  0:28  Refinery  
  14  0:36  SCV  
  15  0:47  Barracks  
  15  0:48  SCV  
  16  1:00  SCV  
  17  1:18  SCV  
  18  1:30  SCV  
  19  1:55  Command Center  
  19  2:05  Orbital Command  
  19  2:07  Barracks Tech Lab  
  19  2:19  Barracks  
  19  2:23  Factory  
  19  2:26  Supply Depot  
  19  2:30  Refinery  
  19  2:36  Marine  
  20  2:40  SCV  
  21  2:52  SCV  
  21  2:54  Marine  
  23  3:00  Supply Depot  
  23  3:13  Factory Tech Lab  
  23  3:15  Barracks Reactor  
  23  3:18  SCV  
  23  3:19  Starport  
  24  3:23  Marauder  
  26  3:33  Stimpack  
  26  3:34  SCV  
  28  3:43  Orbital Command  
  27  3:48  Bunker  
  27  4:08  Starport Reactor  
  27  4:19  SCV  
  27  4:22  Refinery  
  27  4:23  Supply Depot  
  28  4:26  SCV  
  29  4:32  SCV  
  30  4:39  Marauder  
  32  4:48  Medivac x2  
  32  4:51  Marine  
  32  4:52  Marine  
  38  5:00  Engineering Bay  
  38  5:06  SCV  
  39  5:09  Marine x2  
  41  5:17  Engineering Bay  
  41  5:18  SCV  
  42  5:23  Refinery  
  42  5:24  Marauder  
  44  5:28  Terran Infantry Weapons Level 1  
  44  5:35  SCV  
  45  5:40  SCV  
  46  5:44  Terran Infantry Armor Level 1  
  46  5:47  SCV  
  47  5:51  Missile Turret  
  47  5:52  SCV  
  47  5:55  Missile Turret  
  48  5:58  Marine x2  
  48  5:59  SCV  
  48  6:00  Siege Tank  
  54  6:04  SCV  
  55  6:11  SCV  
  55  6:13  Supply Depot  
  55  6:16  Marine x2, SCV  
  59  6:18  Missile Turret  
  59  6:23  SCV  
  60  6:28  Marauder, Combat Shield  
  62  6:34  Marine x2  
  62  6:35  SCV  
  62  6:36  Supply Depot  
  65  6:41  Supply Depot  
  65  6:47  SCV  
  66  6:49  Sensor Tower  
  66  6:52  Marine x2  
  68  6:58  Medivac  
  68  6:59  SCV  
  71  7:11  SCV  
  72  7:23  SCV  
  72  7:26  Armory  
  72  7:27  Command Center, Marine x2  
  72  7:29  Siege Tank  
  78  7:32  Supply Depot  
  78  7:35  SCV  
  79  7:47  Concussive Shells, SCV  
  79  7:48  Marine x2  
  82  8:06  Marine x2  
  82  8:07  Refinery  
  84  8:14  Refinery  
  84  8:20  Marauder  
  84  8:21  Medivac  
  84  8:25  Siege Tank  
  91  8:42  Marauder  
Tags
 
Add a new tag
Caveats
  • Supply blocks, unpowered buildings, or Contaminate may cause inaccurate times.
  • Supply counts are checked every 10 seconds.